 Dungeon Crawl Stone Soup version 0.31-a0-121-g1e386dd289 (webtiles) character file.

Game seed: 11483907829008144138

224 mopl the Tainter (level 6, -7/41 HPs)
             Began as a Formicid Venom Mage on May 31, 2023.
             Mangled by a sleepcap (16 damage)
             ... on level 4 of the Dungeon.
             The game lasted 00:03:23 (2327 turns).

mopl the Tainter (Formicid Venom Mage)              Turns: 2327, Time: 00:03:24

Health: -7/41      AC:  3    Str: 12    XL:     6   Next: 20%
Magic:  5/10       EV:  2    Int: 17    God:
Gold:   137        SH:  0    Dex: 14    Spells: 6/11 levels left

rFire   . . .        k - +0 dagger (venom)
rCold   . . .        (no shield)
rNeg    . . .        a - +0 robe
rPois   .            (helmet unavailable)
rElec   .            (no cloak)
rCorr   .            (no gloves)
SInv    +            p - +0 pair of boots
Will    .....        (no amulet)
Stlth   ++           v - ring of wizardry
HPRegen 0.26/turn    (no ring)
MPRegen 0.12/turn

%: wizardry (x1)
@: sleeping
A: permanent stasis, dig shafts and tunnels, antennae 3, four strong arms
a: Dig, Shaft Self


You were on level 4 of the Dungeon.
You visited 1 branch of the dungeon, and saw 4 of its levels.

You collected 137 gold pieces.

Inventory:

Hand Weapons
 k - a +0 dagger of venom (weapon)
Missiles
 c - 6 silver boomerangs
 f - 5 boomerangs
 j - 4 javelins
Armour
 a - a +0 robe (worn)
 p - a +0 pair of boots (worn)
Jewellery
 v - a ring of wizardry (left hand)
Wands
 u - a wand of polymorph (11)
Scrolls
 e - 2 scrolls of noise {unknown}
 g - a scroll of butterflies {unknown}
 i - a scroll of teleportation {unknown}
 l - a scroll of immolation {unknown}
 n - a scroll of fog {unknown}
 o - 3 scrolls of identify {unknown}
 w - a scroll of torment {unknown}
Potions
 b - a potion of magic
 d - a potion of curing {unknown}
 h - a potion of mutation {unknown}
 m - 2 potions of degeneration {unknown}
 q - a potion of attraction {unknown}
 r - 2 potions of invisibility {unknown}
 s - a potion of brilliance {unknown}
 t - a potion of heal wounds {unknown}
 x - a potion of enlightenment {unknown}


   Skills:
 - Level 1.7 Dodging
 - Level 2.4 Stealth
 - Level 3.0 Spellcasting
 - Level 1.1 Transmutations
 + Level 8.1 Poison Magic


You had 6 spell levels left.
You knew the following spells:

 Your Spells              Type           Power      Damage    Failure   Level
a - Sting                 Tmut/Pois      72%        1d6       1%          1
o - Olgreb's Toxic Radia  Pois           30%        N/A       2%          4

Your spell library contained the following spells:

 Spells                   Type           Power      Damage    Failure   Level
 Poisonous Vapours        Pois/Air       32%        N/A       1%          2
 Mephitic Cloud           Conj/Pois/Air  11%        N/A       7%          3
 Passwall                 Tmut/Erth      3%         N/A       9%          2
 Ensorcelled Hibernation  Hex/Ice        4%         N/A       11%         2
 Tukima's Dance           Hex            2%         N/A       21%         3
 Passage of Golubria      Tloc           2%         N/A       52%         4
 Yara's Violent Unravell  Hex/Tmut       2%         3d3       80%         5
 Swiftness                Air            Unusable   N/A       N/A         3

Dungeon Overview and Level Annotations

Branches:
Dungeon (4/15)
 Temple: D:4-7

Altars:
Elyvilon
Sif Muna

Annotations:
D:2 1 runed translucent door, Crazy Yiuf


Innate Abilities, Weirdness & Mutations

You cannot be hasted, slowed, berserked, paralysed or teleported.
You can dig through walls and to a lower floor.
You have a pair of large antennae on your head. (SInv)
Your four strong arms can wield two-handed weapons with a shield.


Message History

The sleepcap is poisoned.
The sleepcap is lightly damaged.
The sting hits the sleepcap but does no damage.
The sleepcap looks even sicker.
The sleepcap is lightly damaged.
The sting hits the sleepcap but does no damage.
The sleepcap looks even sicker.
The sleepcap is lightly damaged.
The sleepcap releases spores at you.
You are engulfed in a cloud of soporific spores!
You fall asleep.
The sleepcap releases spores at you!!
You wake up.
Unknown command.
Unknown command.
The sting hits the sleepcap.
The sleepcap partially resists.
The sleepcap is moderately damaged.
The sleepcap closely misses you.
The sting hits the sleepcap.
The sleepcap partially resists.
The sleepcap is moderately damaged.
The sleepcap releases spores at you but does no damage.
The sting hits the sleepcap.
The sleepcap looks even sicker.
The sleepcap is moderately damaged.
The sleepcap releases spores at you.
You are engulfed in a cloud of soporific spores!
You fall asleep.
The sleepcap releases spores at you!
You wake up.
* * * LOW HITPOINT WARNING * * *
Unknown command.
The sleepcap attacks as you move away! The sleepcap barely misses you.
You hit the sleepcap.
The sleepcap is severely damaged.
The sleepcap releases spores at you but does no damage.
You hit the sleepcap but do no damage. You punch the sleepcap.
The sleepcap is severely damaged.
The sleepcap releases spores at you.
* * * LOW HITPOINT WARNING * * *
You are engulfed in a cloud of soporific spores!
You fall asleep.
The sleepcap releases spores at you!
You die...

#.##)##.....>.##.....##..
#......##.....#..##.##..#
######...##....##..#.......
##.......#...............####
#......#.[...................
#...$..###.....#.............
#........#............#.#....
##...##....#........##..#...
#.........f@...#...####...##
#.....###......#...#####..##
#..... #.........#........#
#..... #...............###.#
#..... #.....##........# #..
#.....#####..##..#.....# ##.
#....##≈≈≈##...P......P# #.
##..##≈≈⌠≈≈##.P#.P#..#.####.
#≈≈...≈≈≈≈≈≈≈≈≈≈≈≈≈.....


You could see a sleepcap (very poisoned).

Vanquished Creatures
  A scorpion (D:4)
  An orc priest (D:4)
  Jessica (D:2)
  Robin (D:2)
  4 adders
  2 worms
  2 orcs (D:4)
  5 ball pythons
  A bat (D:2)
  3 endoplasms
  13 goblins
  9 hobgoblins
  3 kobolds
  3 quokkas
  4 frilled lizards
  4 rats
57 creatures vanquished.

Notes
Turn   | Place    | Note
-------+----------+-------------------------------------------
     0 | D:1      | mopl the Formicid Venom Mage began the quest for the Orb.
     0 | D:1      | Reached XP level 1. HP: 13/13 MP: 3/3
   347 | D:1      | Reached XP level 2. HP: 18/19 MP: 0/5
   547 | D:2      | Noticed Jessica
   557 | D:2      | Killed Jessica
   558 | D:2      | Reached skill level 3 in Spellcasting
   558 | D:2      | Reached skill level 5 in Poison Magic
   558 | D:2      | Reached XP level 3. HP: 9/24 MP: 2/7
   631 | D:2      | Noticed Robin
   683 | D:2      | Reached XP level 4. HP: 22/30 MP: 8/8
   697 | D:2      | Learned a level 4 spell: Olgreb's Toxic Radiance
   724 | D:2      | Killed Robin
   777 | D:2      | Reached skill level 6 in Poison Magic
   859 | D:2      | Found a runed translucent door.
   860 | D:2      | Noticed Crazy Yiuf
  1158 | D:2      | Reached XP level 5. HP: 32/35 MP: 9/9
  1423 | D:3      | Found a shimmering blue altar of Sif Muna.
  2040 | D:4      | Reached skill level 7 in Poison Magic
  2043 | D:4      | Reached XP level 6. HP: 15/41 MP: 1/10
  2146 | D:4      | Reached skill level 8 in Poison Magic
  2278 | D:4      | Found a white marble altar of Elyvilon.
  2327 | D:4      | Mangled by a sleepcap

Illustrated notes

Levels and vault maps discovered:
D:1:      eino_arrival_cavern_a, layout_rooms, serial_curves, eino_curves_04,
          eino_curves_02, amcnicky_mini_pool_small, supply_closet_lemuel,
          chequers_serial_rivers_micro_c
D:2:      layout_basic, uniq_jessica, uniq_crazy_yiuf_cottage, uniq_robin
D:3:      layout_loops_ring, lemuel_round_altar, minmay_misc_feat_tiny,
          minmay_strange_pillars
D:4:      layout_rooms, nicolae_elyvilon_temple_path, nicolae_shop_self_help

Skill      XL: |  1  2  3  4  5  6 |
---------------+-------------------+-----
Spellcasting   | 3 |  3.0
Poison Magic   | 5 6 7 8 |  8.1
Dodging        | |  1.7
Stealth        | |  2.4
Transmutations | |  1.1

Action                     |  1- 3 |  4- 6 || total
---------------------------+-------+-------++-------
  Melee: Unarmed           |    11 |       ||    11
         Dagger            |    18 |    66 ||    84
         Punch             |       |     3 ||     3
   Cast: Sting             |    21 |    41 ||    62
         Olgreb's Toxic Ra |       |     2 ||     2
   Stab: Sleeping          |     1 |     3 ||     4
 Armour: Robe              |     3 |     9 ||    12
  Dodge: Dodged            |    18 |    48 ||    66

Table legend: (Time is in decaauts)
 A = Elapsed time spent in this place.
 B = Non-inter-level travel time spent in this place.
 C = Inter-level travel time spent in this place.
 D = Time resting spent in this place.
 E = Time spent auto-exploring this place.
 F = Levels seen in this place.
 G = Mean time per level.
                   A        B        C        D        E       F      G
               +--------+--------+--------+--------+--------+-----+--------+
         Total |   2326 |   2265 |     61 |    172 |   1641 |   4 |  581.5 |
       Dungeon |   2326 |   2265 |     61 |    172 |   1641 |   4 |  581.5 |
               +--------+--------+--------+--------+--------+-----+--------+

Top non-repeatable levels by time:
     D:2: 876 daAuts
     D:3: 706 daAuts
     D:1: 504 daAuts
     D:4: 238 daAuts
